AoeStats
← tjmsky

Arabia

506605697Analyzed
1v1 RM · 18d ago on Sep 14, 2026· 27m 25s· 2 players
Game mode
Random Map
Map size
Tiny (2 player)
Population
200
Speed
Normal
Resources
Standard
Victory
Conquest
Starting age
Dark Age
Ending age
Imperial Age
RankedLock teamsTeams togetherTeam positionsShared explorationLock speedFull tech treeHidden civsTurbo modeCheats
Victory
Defeat
🇭🇰 Chinese · Hong Kong SAR China
875
+38
🇸🇰 Teutons · Slovakia
856
-15
CHoBoT
11:27 Feudal Age
13:07 Double-Bit Axe
14:55 Horse Collar
21:21 Castle Age
21:27 Elite Skirmisher
tjmsky
1:04 Loom
9:49 Feudal Age
10:19 Double-Bit Axe
16:16 Wheelbarrow
18:33 Fletching
18:44 Gold Mining
19:17 Padded Archer Armor
19:41 Town Watch
22:41 Stone Mining
25:12 Castle Age
23:22 Scale Barding Armor
24:06 Forging
25:26 Scale Mail Armor
25:51 Bloodlines
25:53 Bodkin Arrow
25:20 Crossbowman
26:28 Bow Saw
27:04 Thumb Ring
Connection lost

Rejoining the realm…

Still unreachable

The connection could not be restored.

Session expired

The server has moved on; the page needs a fresh start.